 Dungeon Crawl Stone Soup version 0.23.2-1-ga50397a (webtiles) character file.

Game seed: 8622445046945292213

142 grenoire the Cudgeler (level 5, -2/33 HPs)
             Began as a Gargoyle Berserker on May 9, 2019.
             Was a Believer of Trog.
             Killed by divine providence
             ... invoked by an orc priest
              (14 damage)
             ... on level 3 of the Dungeon.
             The game lasted 00:05:36 (1893 turns).

grenoire the Cudgeler (Gargoyle Berserker)          Turns: 1893, Time: 00:05:37

Health: -2/33      AC:  9    Str: 22    XL:     5   Next: 25%
Magic:  5/5        EV: 11    Int:  7    God:    Trog [**....]
Gold:   151        SH:  0    Dex:  9    Spells: 4/4 levels left

rFire    . . .     SeeInvis .   a - +0 mace
rCold    . . .     Gourm    .   (no shield)
rNeg     + . .     Faith    .   b - +0 ring mail
rPois    ∞         Spirit   .   (no helmet)
rElec    +         Reflect  .   (no cloak)
rCorr    .         Harm     .   (no gloves)
MR       .....                  (no boots)
Stlth    +.........             (no amulet)
HPRegen  0.11/turn              (no ring)
MPRegen  0.09/turn              (no ring)

@: very slightly contaminated
A: negative energy resistance 1, electricity resistance, unbreathing,
petrification resistance, rot immunity, AC +4
a: Berserk, Trog's Hand, Renounce Religion


You were on level 3 of the Dungeon.
You worshipped Trog.
Trog was pleased with you.
You were not hungry.

You visited 1 branch of the dungeon, and saw 3 of its levels.

You collected 151 gold pieces.

Inventory:

Hand Weapons
 a - a +0 mace (weapon)
Armour
 b - a +0 ring mail (worn)
Scrolls
 j - a scroll of identify
Potions
 d - a potion of magic {unknown}
 e - a potion of resistance
 f - a potion of heal wounds {unknown}
 g - a potion of agility {unknown}
 i - a potion of berserk rage {unknown}
 k - a potion of invisibility {unknown}
Comestibles
 c - 6 rations


   Skills:
 + Level 4.0 Fighting
 + Level 4.2 Maces & Flails
 + Level 2.6 Armour
 + Level 2.8 Dodging
 + Level 0.4 Stealth


You had 4 spell levels left.
You didn't know any spells.
Your spell library was empty.

Dungeon Overview and Level Annotations

Branches:
Dungeon (3/15)

Altars:
Dithmenos
Elyvilon
The Shining One


Innate Abilities, Weirdness & Mutations

You are resistant to torment.
Your stone body is resilient. (AC +4)
You are immune to poison.
You resist negative energy. (rN+)
You are resistant to electric shocks. (rElec)
You can survive without breathing.
You are immune to petrification.
You are immune to rotting.


Message History

The orc priest shouts!
The orc shouts!
You hear a shout!
The orc priest calls down the wrath of Beogh upon you.
Beogh smites you!
An orc comes into view. It is wielding a +0 dagger.
The orc shouts!
You hear an angry hiss.
An orc comes into view. It is wielding a +0 hand axe.
The orc shouts!
An orc priest comes into view.
You completely miss the orc.
The orc priest shouts!
The orc hits you with a +0 mace.
You sock the orc!
You kill the orc!
Trog accepts your kill.
The orc priest calls down the wrath of Beogh upon you.
Beogh smites you!
You see here a +0 mace.
The orc priest invokes the aid of Beogh against you.
Beogh smites you!
You die...

## ######## ...####
#......# $...##
#...>..#
###..######......#
#.o)@............##
.oo.o.##.....##.......#
##### #####.########.##
#.....####..##
#####....##..#
####...... #####.. ##.
#####..


You could see 2 orc priests and 2 orcs.

Vanquished Creatures
  An ogre (D:2)
  2 oozes (D:2)
  3 worms (D:2)
  An orc (D:3)
  4 giant cockroaches
  5 goblins
  6 hobgoblins
  2 quokkas (D:2)
  3 bats (D:1)
  2 frilled lizards
  3 kobolds
  9 rats
41 creatures vanquished.

Notes
Turn   | Place    | Note
-------+----------+-------------------------------------------
     0 | D:1      | grenoire the Gargoyle Berserker began the quest for the
                  | Orb.
     0 | D:1      | Reached XP level 1. HP: 14/14 MP: 1/1
    89 | D:1      | Reached XP level 2. HP: 19/19 MP: 2/2
   552 | D:2      | Reached ** piety under Trog
   552 | D:2      | Reached XP level 3. HP: 17/23 MP: 3/3
   661 | D:2      | Found a shadowy altar of Dithmenos.
   716 | D:2      | Found a white marble altar of Elyvilon.
   745 | D:2      | Found a glowing golden altar of the Shining One.
  1219 | D:2      | Noticed an ogre
  1227 | D:2      | Killed an ogre
  1227 | D:2      | Reached XP level 4. HP: 14/29 MP: 4/4
  1227 | D:2      | Reached XP level 5. HP: 16/33 MP: 5/5
  1893 | D:3      | Killed from afar by an orc priest

Skill      XL: |  1  2  3 |
---------------+----------+-----
Dodging        | 2 |  2.8
Fighting       | 4 |  4.0
Maces & Flails | 4 |  4.2
Armour         | |  2.6
Stealth        | |  0.4

Action                   |  1- 3 |  4- 6 || total
-------------------------+-------+-------++-------
Melee: Mace              |   151 |    17 ||   168
Invok: Berserk           |     1 |       ||     1
  Use: Scroll            |     4 |     3 ||     7
 Stab: Sleeping          |     1 |       ||     1
  Eat: Ration            |       |     2 ||     2
Armor: Animal skin       |    47 |       ||    47
       Leather armour    |    10 |     1 ||    11
       Ring mail         |       |     5 ||     5
       Skin              |       |     2 ||     2
Dodge: Dodged            |   107 |     6 ||   113
